 Dungeon Sprint DCSS version 0.18-a0-1343-g48c8f86 (webtiles) character file.

5964 Kidiri the Unseen (level 10, -20/44 HPs)
             Began as a Spriggan Enchanter on Feb 16, 2016.
             Was the Champion of Dithmenos.
             Demolished by a jiangshi (22 damage)
             ... summoned by a vampire mage
             ... in the Dungeon (Sprint VII: "The Pits").
             The game lasted 00:10:39 (2320 turns).

Kidiri the Unseen (Spriggan Enchanter)              Turns: 2320, Time: 00:10:39

Health: -20/44     AC:  3    Str:  7    XL:     10   Next: 54%
Magic:  13/27      EV: 34    Int: 19    God:    Dithmenos [******]
Gold:   0          SH:  0    Dex: 18    Spells: 5 memorised, 22 levels left

rFire  . . .     SeeInvis +     t - +2 rapier (elec)
rCold  + . .     Gourm    .     p - +1 robe {rC+}
rNeg   . . .     Faith    .     (shield restricted)
rPois  .         Spirit   .     (helmet restricted)
rElec  .         Dismiss  .     (no cloak)
rCorr  .         Reflect  .     (gloves unavailable)
SustAt .         Harm     .     (boots unavailable)
MR     .....     NoTele   +     (no amulet)
Stlth  ++++++++++               q - +3 ring of evasion
                                f - +3 ring of strength

@: vulnerable, wreathed by umbra, very quick, not resistant to hostile
enchantments, uncannily stealthy
A: unfitting armour, see invisible, herbivore 3, speed 3, slow metabolism 2
a: Shadow Step, Shadow Form, Renounce Religion


You were in the Dungeon.
You worshipped Dithmenos.
Dithmenos was exalted by your worship.
You were full.

You visited 1 branch

Inventory:

Hand Weapons
 t - a +2 rapier of electrocution (weapon)
Armour
 p - a +1 robe of cold resistance (worn)
Jewellery
 f - a +3 ring of strength (left hand)
 q - a +3 ring of evasion (right hand)
Scrolls
 j - a scroll of blinking
 m - 3 scrolls of remove curse
 n - 5 scrolls of amnesia
 o - a scroll of summoning
Potions
 a - 7 potions of heal wounds
 e - 5 potions of curing
 g - 5 potions of haste
 i - 3 potions of berserk rage
 l - 2 potions of invisibility
 r - 2 potions of agility
 s - a potion of cure mutation
Comestibles
 d - 7 bread rations
 k - 40 fruits


   Skills:
 * Level 11.9 Short Blades
 * Level 15.0 Dodging
 * Level 16.4 Stealth
 * Level 12.9 Spellcasting
 + Level 5.6 Conjurations
 + Level 10.0 Hexes
 + Level 6.3 Ice Magic
 - Level 2.4 Invocations


You had 22 spell levels left.
You knew the following spells:

 Your Spells              Type           Power        Failure   Level  Hunger
a - Corona                Hex            ######.      1%          1    None
b - Ensorcelled Hibernat  Hex/Ice        #####.       1%          2    None
c - Confuse               Hex            ######..     1%          3    None
d - Tukima's Dance        Hex            ######..     1%          3    None
e - Dazzling Spray        Conj/Hex       #####...     1%          3    None


Dungeon Overview and Level Annotations

Branches:
Dungeon (1/1)

Altars:
Ashenzari
Cheibriados
Dithmenos
Elyvilon
Fedhas
Gozag
Kikubaaqudgha
Makhleb
Nemelex Xobeh
Okawaru
Pakellas
Qazlal
Ru
Sif Muna
Trog
Vehumet
Xom
Yredelemnul
Zin
The Shining One
Beogh
Jiyva
Lugonu

Annotations:
D Terence


Innate Abilities, Weirdness & Mutations

You are tiny and cannot use many weapons and most armour.
You have supernaturally acute eyesight.
You are an herbivore.
You cover ground extremely quickly.
You need consume almost no food.


Message History

The spray of energy hits the vampire mage.
The vampire mage is heavily damaged.
The spray of energy hits the sea snake.
The sea snake is lightly wounded.
The sea snake is dazzled.
The vampire mage misses you. The vampire mage completely misses you.
The phantasmal warrior hits you!!
Ouch! That really hurt!
* * * LOW HITPOINT WARNING * * *
You emit a cloud of dark smoke.
The wolf closely misses you. The sea snake completely misses you.
The wight misses you.
The vampire mage casts a spell.
The jiangshi barely misses you. x2; The sea snake barely misses you.
Things that are here:
a troll hide; a troll skeleton You hit the jiangshi.
There is a sudden explosion of sparks!
The jiangshi is moderately damaged.
Your shadow hits the jiangshi but does no damage.
The wolf misses you. The jiangshi claws you!!
Ouch! That really hurt!
You die...

........# #''###### #''#
##### ########
#..###%..###..รท...#
#...##...##..##)[.###
##...##+##..###)..+D##
##..........##..%#..##
##..###+###...##V##...#
#..##.....##..#W@S#...#..
#:.+.......+..+VhVOo..'.o
#%.##...%)##..#zWV#...#.
##).###+###...##+## ..#
##).........##... ##
##...##+##..###.s.+
#...##...##..##O..#
#..###...###..+...# ####
##### ########


You could see a sea snake (blind), 2 jiangshi, a flayed ghost, a vampire mage
(invisible), a phantasmal warrior, a two-headed ogre, a vampire, a wolf, a wight
and an orc.

Vanquished Creatures
  A flayed ghost (D)
  A swamp dragon (D)
  An orc knight (D)
  An elephant (D)
  A spiny frog (D)
  A hellwing (D)
  A kobold demonologist (D)
  A troll (D)
  A polar bear (D)
  5 blink frogs (D)
  A snapping turtle (D)
  A flying skull (D)
  A redback (D)
  A wyvern (D)
  Eustachio (D)
  A vampire (D)
  A basilisk (D)
  A warg (D)
  A black bear (D)
  2 orc warriors (D)
  An eye of draining (D)
  A necrophage (D)
  A wasp (D)
  An ogre (D)
  A giant frog (D)
  2 orc priests (D)
  A gnoll shaman (D)
  3 orc wizards (D)
  2 worker ants (D)
  3 gnolls (D)
  2 ufetubi (D)
  An orc (D)
  2 ball pythons (D)
  A bat skeleton (D)
  A giant cockroach (D)
  A goblin (D)
  A hobgoblin (D)
  5 jackals (D)
  A giant cockroach zombie (D)
  4 giant newts (D)
  A rat (D)
61 creatures vanquished.

Vanquished Creatures (collateral kills)
  An orc warrior (D)
  An orc wizard (D)
  A gnoll (D)
3 creatures vanquished.

Grand Total: 64 creatures vanquished

Notes
Turn   | Place    | Note
--------------------------------------------------------------
     0 | D        | Kidiri the Spriggan Enchanter began the quest for the Orb.
     0 | D        | Reached XP level 1. HP: 9/9 MP: 5/5
    53 | D        | Found a sacrificial altar of Ru.
    53 | D        | Found a basalt altar of Yredelemnul.
    53 | D        | Found a shadowy altar of Dithmenos.
    53 | D        | Found a deep blue altar of Sif Muna.
    53 | D        | Found a burning altar of Makhleb.
    53 | D        | Found a shimmering altar of Xom.
    53 | D        | Found an ancient bone altar of Kikubaaqudgha.
    53 | D        | Found a sparkling altar of Nemelex Xobeh.
    54 | D        | Found a glowing golden altar of the Shining One.
    54 | D        | Found a bloodstained altar of Trog.
    54 | D        | Found a shattered altar of Ashenzari.
    54 | D        | Found a white marble altar of Elyvilon.
    54 | D        | Found a snail-covered altar of Cheibriados.
    54 | D        | Found a blossoming altar of Fedhas.
    54 | D        | Found a radiant altar of Vehumet.
    54 | D        | Found a glowing silver altar of Zin.
    54 | D        | Found a corrupted altar of Lugonu.
    54 | D        | Found a viscous altar of Jiyva.
    54 | D        | Found a roughly hewn altar of Beogh.
    54 | D        | Found an iron altar of Okawaru.
    55 | D        | Found an oddly glowing altar of Pakellas.
    57 | D        | Became a worshipper of Dithmenos the Shadowed
    61 | D        | Found a stormy altar of Qazlal.
    61 | D        | Found an opulent altar of Gozag.
    77 | D        | Noticed a worker ant
   298 | D        | Killed a worker ant
   298 | D        | Reached skill level 5 in Stealth
   298 | D        | Reached skill level 1 in Invocations
   298 | D        | Reached XP level 2. HP: 7/13 MP: 4/7
   329 | D        | Learned a level 2 spell: Ensorcelled Hibernation
   377 | D        | Reached * piety under Dithmenos
   380 | D        | Reached skill level 6 in Stealth
   407 | D        | Reached XP level 3. HP: 8/16 MP: 6/9
   409 | D        | Reached ** piety under Dithmenos
   420 | D        | Learned a level 3 spell: Confuse
   424 | D        | Learned a level 3 spell: Dazzling Spray
   688 | D        | Reached skill level 5 in Dodging
   692 | D        | Reached *** piety under Dithmenos
   776 | D        | Reached skill level 7 in Stealth
   776 | D        | Reached skill level 1 in Ice Magic
   776 | D        | Reached XP level 4. HP: 21/21 MP: 6/11
   829 | D        | Reached **** piety under Dithmenos
   829 | D        | Reached skill level 5 in Spellcasting
   937 | D        | Learned a level 3 spell: Tukima's Dance
   952 | D        | Noticed a flying skull
  1104 | D        | Killed a flying skull
  1104 | D        | Reached skill level 5 in Short Blades
  1104 | D        | Reached skill level 8 in Dodging
  1104 | D        | Reached skill level 9 in Stealth
  1104 | D        | Reached skill level 1 in Conjurations
  1104 | D        | Reached skill level 5 in Hexes
  1104 | D        | Reached XP level 5. HP: 24/24 MP: 6/15
  1202 | D        | Noticed a kobold demonologist
  1204 | D        | Killed a kobold demonologist
  1204 | D        | Reached skill level 10 in Stealth
  1204 | D        | Reached XP level 6. HP: 28/28 MP: 15/17
  1218 | D        | Noticed a warg
  1222 | D        | Reached skill level 11 in Stealth
  1222 | D        | Reached XP level 7. HP: 32/32 MP: 17/19
  1224 | D        | Reached ***** piety under Dithmenos
  1224 | D        | Reached skill level 10 in Dodging
  1268 | D        | Noticed a spiny frog
  1268 | D        | Noticed a polar bear
  1270 | D        | Killed a polar bear
  1270 | D        | Reached skill level 12 in Stealth
  1520 | D        | Reached XP level 8. HP: 36/36 MP: 19/22
  1522 | D        | Killed a spiny frog
  1719 | D        | Noticed a blink frog
  1719 | D        | Noticed a blink frog
  1719 | D        | Noticed a blink frog
  1720 | D        | Noticed a blink frog
  1721 | D        | Noticed a blink frog
  1742 | D        | Killed a blink frog
  1742 | D        | Reached skill level 13 in Stealth
  1759 | D        | Killed a blink frog
  1759 | D        | Reached skill level 10 in Spellcasting
  1762 | D        | Killed a blink frog
  1765 | D        | Killed a blink frog
  1765 | D        | Reached XP level 9. HP: 28/39 MP: 11/24
  1767 | D        | Reached skill level 14 in Stealth
  1767 | D        | Reached skill level 5 in Ice Magic
  1794 | D        | Reached skill level 10 in Short Blades
  1890 | D        | Reached ****** piety under Dithmenos
  1998 | D        | Noticed a flayed ghost
  2000 | D        | Killed a flayed ghost
  2002 | D        | Reached skill level 15 in Stealth
  2007 | D        | Noticed Eustachio
  2009 | D        | Killed Eustachio
  2171 | D        | Noticed an elephant
  2173 | D        | Killed an elephant
  2173 | D        | Reached skill level 5 in Conjurations
  2173 | D        | Reached XP level 10. HP: 44/44 MP: 21/27
  2208 | D        | Noticed a swamp dragon
  2210 | D        | Killed a swamp dragon
  2242 | D        | Noticed an orc knight
  2244 | D        | Reached skill level 16 in Stealth
  2268 | D        | Killed an orc knight
  2268 | D        | Reached skill level 15 in Dodging
  2268 | D        | Reached skill level 10 in Hexes
  2281 | D        | Noticed a vampire mage
  2281 | D        | Noticed a seven-headed hydra
  2305 | D        | Noticed a sea snake
  2314 | D        | Noticed a phantasmal warrior
  2317 | D        | Noticed Terence
  2318 | D        | Noticed a jiangshi
  2318 | D        | HP: 2/44 [phantasmal warrior[a vampire mage] (25)]
  2320 | D        | Noticed a flayed ghost
  2320 | D        | Noticed a jiangshi
  2320 | D        | Demolished by a jiangshi

Vault maps used:
D:        pitsprint

Action                   |  1- 3 |  4- 6 |  7- 9 | 10-12 || total
-------------------------+-------+-------+-------+-------++-------
Melee: Dagger            |    41 |    28 |     5 |       ||    74
       Rapier            |       |       |    23 |    18 ||    41
 Cast: Corona            |     5 |       |       |       ||     5
       Ensorcelled Hiber |     8 |     7 |    20 |     5 ||    40
       Confuse           |     1 |     6 |     3 |     6 ||    16
       Dazzling Spray    |       |     1 |     2 |     4 ||     7
       Tukima's Dance    |       |     1 |       |     1 ||     2
Invok: Shadow Step       |       |       |     6 |     1 ||     7
  Use: Potion            |     5 |     2 |       |     2 ||     9
 Stab: Sleeping          |     8 |     5 |    23 |     7 ||    43
       Confused          |     1 |     1 |     2 |     2 ||     6
       Distracted        |       |     1 |       |     2 ||     3
       Invisible         |       |       |     1 |     1 ||     2
  Eat: Bread ration      |       |       |     1 |       ||     1
